 Dungeon Crawl Stone Soup version 0.29-a0-111-gbaf749a769 (webtiles) character file.

Game seed: 11002783603626747490

186 kae the Ruffian (level 5, -4/42 HPs)
             Began as a Draconian Transmuter on Feb 17, 2022.
             Splashed by a jelly's acid (6 damage)
             ... on level 3 of the Dungeon.
             The game lasted 00:02:21 (3689 turns).

kae the Ruffian (Draconian Transmuter)              Turns: 3689, Time: 00:02:21

Health: -4/42      AC: -7    Str: 12    XL:     5   Next: 38%
Magic:  1/8        EV: 12    Int: 16    God:
Gold:   153        SH:  0    Dex: 11    Spells: 5/9 levels left

rFire   . . .      SeeInvis .     - Unarmed
rCold   . . .      Faith    .   (no shield)
rNeg    . . .      Spirit   .   (armour unavailable)
rPois   .          Reflect  .   (helmet currently unavailable)
rElec   .          Harm     .   (no cloak)
rCorr   .          Rampage  .   (no gloves)
Will    .....                   (boots currently unavailable)
Stlth   +.........              h - amulet of the acrobat
HPRegen 0.14/turn               (no ring)
MPRegen 0.11/turn               (no ring)

@: appendages, corroded, very slightly contaminated
A: horns 2, talons 2, AC +5, unfitting armour, cold-blooded
a: End Transformation


You were on level 3 of the Dungeon.
You had temporarily grown beastly horns and talons.
You visited 1 branch of the dungeon, and saw 3 of its levels.
You also visited: Sewer.

You collected 153 gold pieces.

Inventory:

Armour
 c - a +0 pair of boots (melded)
Jewellery
 h - an amulet of the acrobat (around neck)
Scrolls
 j - 2 scrolls of teleportation
 k - 2 scrolls of magic mapping
 l - a scroll of vulnerability
Potions
 a - a potion of flight
 b - a potion of might
 d - a potion of brilliance {unknown}
 e - 2 potions of curing {unknown}
 f - a potion of berserk rage {unknown}
 i - a potion of magic {unknown}
 m - 2 potions of degeneration {unknown}


   Skills:
 + Level 2.3 Fighting
 + Level 2.3 Dodging
 * Level 3.9 Unarmed Combat
 + Level 2.5 Spellcasting
 * Level 3.1 Transmutations
 * Level 1.8 Poison Magic


You had 5 spell levels left.
You knew the following spells:

 Your Spells              Type           Power      Damage    Failure   Level
a - Beastly Appendage     Tmut           24%        N/A       5%          1
b - Spider Form           Tmut/Pois      9%         N/A       22%         3

Your spell library contained the following spells:

 Spells                   Type           Power      Damage    Failure   Level
 Wereblood                Tmut           12%        N/A       9%          2
 Ice Form                 Ice/Tmut       7%         N/A       71%         4


Dungeon Overview and Level Annotations

Branches:
Dungeon (3/15)              Sewer (visited)

Altars:


Innate Abilities, Weirdness & Mutations

You have temporarily grown beastly horns and talons.
Your plain brown scales are hard. (AC +5)
You cannot fit into any form of body armour.
You are cold-blooded and may be slowed by cold attacks.


Message History

Nothing appears to happen.
The jelly misses you.
Casting: Spider Form (quite dangerous; 22% risk of failure)
Confirm with . or Enter, or press ? or * to list all spells.
The spell is quite dangerous to miscast (22% risk of failure)!
Continue anyway? [Y]es or [N]o only, please.
The spell is quite dangerous to miscast (22% risk of failure)!
Continue anyway?
You miscast Spider Form.
Nothing appears to happen.
The jelly barely misses you.
Casting: Spider Form (quite dangerous; 22% risk of failure)
Confirm with . or Enter, or press ? or * to list all spells.
You don't have enough magic to cast this spell.
Casting: Spider Form (quite dangerous; 22% risk of failure)
Confirm with . or Enter, or press ? or * to list all spells.
You grow a pair of large bovine horns.
Your feet morph into talons.
Your +0 pair of boots melds into your body.
The jelly misses you. The jelly hits you. The acid corrodes you!
You are splashed with acid!
You hit the jelly. The acid corrodes you!
Your hands burn!
You claw the jelly, but do no damage. You headbutt the jelly.
The jelly is moderately wounded.
The jelly barely misses you.
You hit the jelly.
Your hands burn!
* * * LOW HITPOINT WARNING * * *
Your kick misses the jelly.
You tail-slap the jelly, but do no damage.
The jelly is heavily wounded.
The jelly closely misses you.
You hit the jelly.
Your hands burn!
* * * LOW HITPOINT WARNING * * *
You claw the jelly, but do no damage. You punch the jelly.
The jelly is almost dead.
You hit the jelly but do no damage.
Your hands burn!
* * * LOW HITPOINT WARNING * * *
You claw the jelly, but do no damage.
You tail-slap the jelly, but do no damage.
The jelly is almost dead.
The jelly hits you.
* * * LOW HITPOINT WARNING * * *
The acid corrodes you!
You are splashed with acid.
You die...

........#..........##
........#...........#
#########...........##
#............#
***######..........#.#
*≈*#...............#.#
*≈*##........#######.#
≈≈≈#.[....##.#.......#
≈≈≈#...#.....#..@....#
≈≈≈#............J....#
≈≈≈#.........≈.......#
≈≈≈≈≈≈≈.≈≈≈≈≈≈≈≈≈....#
≈≈≈≈≈≈≈≈.≈≈≈≈≈≈≈≈≈≈..#
≈≈≈≈≈≈≈≈≈≈≈≈≈≈≈≈≈≈≈..#
.≈≈≈≈≈≈≈≈≈≈≈≈≈.≈≈≈≈#.#
.......≈......#≈≈≈≈#.#
..............##≈≈≈#.#


You could see a jelly.

Vanquished Creatures
  An orc wizard (D:2)
  2 river rats (Sewer)
  6 adders
  5 worms (D:3)
  5 orcs
  4 ball pythons
  3 endoplasms
  2 giant cockroaches
  4 goblins
  7 hobgoblins
  6 quokkas
  5 bats
  9 frilled lizards
  8 kobolds
  7 rats
74 creatures vanquished.

Notes
Turn   | Place    | Note
-------+----------+-------------------------------------------
     0 | D:1      | kae the Draconian Transmuter began the quest for the Orb.
     0 | D:1      | Reached XP level 1. HP: 16/16 MP: 3/3
   514 | D:1      | Reached XP level 2. HP: 22/23 MP: 5/5
  1112 | D:2      | Reached XP level 3. HP: 20/29 MP: 4/6
  1278 | D:1      | Learned a level 3 spell: Spider Form
  1292 | D:2      | Reached XP level 4. HP: 13/36 MP: 4/7
  2260 | D:3      | Reached skill level 1 in Poison Magic
  2333 | D:3      | Found a glowing drain.
  2565 | Sewer    | Entered a sewer
  2710 | Sewer    | Reached XP level 5. HP: 19/41 MP: 8/8
  3689 | D:3      | HP: 2/42 [jelly (2)]
  3689 | D:3      | Splashed by a jelly's acid

Illustrated notes

Levels and vault maps discovered:
D:1:      evilmike_arrival_rings, layout_loops_ring
D:2:      layout_rooms, minmay_misc_feat_rows, minmay_pentomino_t2
D:3:      layout_rooms, cheibrodos_sewer_entry_bend,
          chequers_serial_rivers_large_a

Skill      XL: |  1  2  3  4 |
---------------+-------------+-----
Dodging        | 2 |  2.3
Fighting       | 2 |  2.3
Poison Magic   | 1 |  1.8
Transmutations | 3 |  3.1
Unarmed Combat | |  3.9
Spellcasting   | |  2.5

Action                   |  1- 3 |  4- 6 || total
-------------------------+-------+-------++-------
Melee: Unarmed           |    78 |   179 ||   257
       Headbutt          |     5 |     9 ||    14
       Kick              |     4 |    12 ||    16
       Tailslap          |     4 |    12 ||    16
       Punch             |     2 |     6 ||     8
 Cast: Beastly Appendage |    12 |    23 ||    35
       Spider Form       |     1 |     8 ||     9
  Use: Scroll            |       |     8 ||     8
Armor: Skin              |    30 |    39 ||    69
Dodge: Dodged            |    60 |   168 ||   228

Table legend: (Time is in decaauts)
 A = Elapsed time spent in this place.
 B = Non-inter-level travel time spent in this place.
 C = Inter-level travel time spent in this place.
 D = Time resting spent in this place.
 E = Time spent auto-exploring this place.
 F = Levels seen in this place.
 G = Mean time per level.
                   A        B        C        D        E       F      G
               +--------+--------+--------+--------+--------+-----+--------+
         Total |   3732 |   3602 |    130 |    565 |   2381 |   4 |  933.0 |
       Dungeon |   2861 |   2731 |    130 |    565 |   1677 |   3 |  953.7 |
         Sewer |    871 |    871 |      0 |      0 |    703 |   1 |  871.0 |
               +--------+--------+--------+--------+--------+-----+--------+

Top non-repeatable levels by time:
     D:1: 1181 daAuts
     D:2: 1019 daAuts
   Sewer: 871 daAuts
     D:3: 659 daAuts
